 Dungeon Crawl Stone Soup version 0.30-a0-168-g0b976cbdc4 (webtiles) character file.

Game seed: 7327423309856730526

7 JoshKwa the Firebug (level 2, -2/19 HPs)
             Began as a Human Fire Elementalist on Sept 30, 2022.
             Frozen to death by an endoplasm (3 damage)
             ... on level 1 of the Dungeon.
             The game lasted 00:02:20 (89 turns).

JoshKwa the Firebug (Human Fire Elementalist)         Turns: 89, Time: 00:02:20

Health: -2/19      AC:  3    Str:  8    XL:     2   Next: 10%
Magic:  0/5        EV: 12    Int: 15    God:
Gold:   11         SH:  0    Dex: 13    Spells: 4/5 levels left

rFire   . . .      SeeInvis .    d - staff of conjuration
rCold   . . .      Faith    .    (no shield)
rNeg    . . .      Spirit   .    a - +0 robe
rPois   .          Reflect  .    (no helmet)
rElec   .          Harm     .    c - +0 cloak
rCorr   .          Rampage  .    (no gloves)
Will    .....                    (no boots)
Stlth   ++........               (no amulet)
HPRegen 0.06/turn                (no ring)
MPRegen 0.09/turn                (no ring)

@: no status effects
A: no striking features
a: no special abilities


You were on level 1 of the Dungeon.
You visited 1 branch of the dungeon, and saw 1 of its levels.

You collected 11 gold pieces.

Inventory:

Hand Weapons
 b - a +0 whip
Armour
 a - a +0 robe (worn)
 c - a +0 cloak (worn)
Magical Staves
 d - a staff of conjuration (weapon)


   Skills:
 + Level 2.1 Dodging
 + Level 2.0 Stealth
 + Level 2.1 Spellcasting
 + Level 1.0 Conjurations
 + Level 3.2 Fire Magic


You had 4 spell levels left.
You knew the following spells:

 Your Spells              Type           Power      Damage    Failure   Level
a - Foxfire               Conj/Fire      48%        2x1d6     9%          1

Your spell library contained the following spells:

 Spells                   Type           Power      Damage    Failure   Level
 Scorch                   Fire           22%        2d6       9%          2
 Inner Flame              Hex/Fire       6%         N/A       34%         3
 Kindle Blastsparks       Fire/Tloc/Air  8%         2d10      38%         3
 Flame Wave               Conj/Fire      12%        2d6       65%         4


Dungeon Overview and Level Annotations

Branches:
Dungeon (1/15)

Altars:


Message History

You conjure some foxfire!
The bat barely misses you.
The jackal bites you but does no damage.
The jackal closely misses you. The jackal attacks as you move away!
The jackal closely misses you.
The foxfire hits the jackal.
You kill the jackal!
The foxfire hits the endoplasm.
The endoplasm is lightly wounded.
The bat closely misses you.
You see here a staff of conjuration.
Casting: Foxfire (safe; 9% risk of failure)
Confirm with . or Enter, or press ? or * to list all spells.
Okay, then.
d - a staff of conjuration (weapon)
The bat closely misses you.
Hit: d) staff of conjuration
Press: ? - help, Dir - move target You swing at nothing.
The endoplasm freezes you.
You are frozen.
* * * LOW HITPOINT WARNING * * *
The endoplasm hits you but does no damage.
The bat hits you but does no damage.
Hit: d) staff of conjuration
Press: ? - help, Dir - move target, f - endoplasm
Aim: an endoplasm (lightly wounded, about 14% to evade your staff of conjuration)
You completely miss the endoplasm.
The endoplasm is lightly wounded.
The bat closely misses you.
The endoplasm hits you but does no damage.
Hit: d) staff of conjuration
Press: ? - help, Dir - move target, f/p - endoplasm
Aim: an endoplasm (lightly wounded, about 14% to evade your staff of conjuration)
You hit the endoplasm. You punch the endoplasm.
The endoplasm is almost dead.
The bat barely misses you. The endoplasm freezes you.
You are frozen.
You die...

...##.!##########
........#........#
.................#
.................#
.................#
.................#
..............b..#
......†..........#
..............†J@#
.................#
.††....##........#
##################
# #


You could see an endoplasm and a bat.

Vanquished Creatures
  A bat (D:1)
  2 jackals (D:1)
  3 frilled lizards (D:1)
  A kobold (D:1)
  A rat (D:1)
8 creatures vanquished.

Vanquished Creatures (others)
  14 foxfires (D:1)
14 creatures vanquished.

Grand Total: 22 creatures vanquished

Notes
Turn   | Place    | Note
-------+----------+-------------------------------------------
     0 | D:1      | JoshKwa the Human Fire Elementalist began the quest for the
                  | Orb.
     0 | D:1      | Reached XP level 1. HP: 13/13 MP: 3/3
    76 | D:1      | Reached XP level 2. HP: 5/19 MP: 0/5
    89 | D:1      | Frozen to death by an endoplasm

Illustrated notes

Levels and vault maps discovered:
D:1:      lordsloth_arrival_two_stooges, layout_rooms

Action                   || total
-------------------------++-------
Melee: Unarmed           ||     3
       Whip              ||     2
       Staff             ||     2
       Punch             ||     1
 Cast: Foxfire           ||     9
  Use: Potion            ||     1
Armor: Robe              ||    19
Dodge: Dodged            ||    42

Table legend: (Time is in decaauts)
 A = Elapsed time spent in this place.
 B = Non-inter-level travel time spent in this place.
 C = Inter-level travel time spent in this place.
 D = Time resting spent in this place.
 E = Time spent auto-exploring this place.
 F = Levels seen in this place.
 G = Mean time per level.
                   A        B        C        D        E       F      G
               +--------+--------+--------+--------+--------+-----+--------+
         Total |     89 |     89 |      0 |      0 |      0 |   1 |   89.0 |
       Dungeon |     89 |     89 |      0 |      0 |      0 |   1 |   89.0 |
               +--------+--------+--------+--------+--------+-----+--------+

Top non-repeatable levels by time:
     D:1: 89 daAuts
